 Dungeon Crawl Stone Soup version 0.32-a0-931-g5a2cda0630 (webtiles) character file.

Game seed: 10615464007079227260

59 Maxmaps the Trooper (level 4, -8/48 HPs)
             Began as an Oni Monk on Apr 14, 2024.
             Splashed by a jelly's acid (10 damage)
             ... on level 4 of the Dungeon.
             The game lasted 00:02:05 (1186 turns).

Maxmaps the Trooper (Oni Monk)                      Turns: 1186, Time: 00:02:07

Health: -8/48      AC: -5    Str: 15    XL:     4   Next: 3%
Magic:  4/4        EV:  9    Int: 13    God:
Gold:   60         SH:  0    Dex: 11    Spells: 3/3 levels left

rFire   . . .        a - +0 mace
rCold   . . .        d - orb {light}
rNeg    . . .        b - +0 robe
rPois   .            (helmet currently unavailable)
rElec   .            (cloak currently unavailable)
rCorr   .            (gloves unavailable)
SInv    .            (boots unavailable)
Will    .....        (no amulet)
Stlth   +            (no ring)
HPRegen 0.28/turn    (no ring)
MPRegen 0.09/turn

%: no passive effects
@: beast-form, corroded, glowing
A: beast (slay +1), large, unfitting armour, horns 1, tough skin 1, double
potion healing, drunken brawling
a: Begin Untransformation


You were on level 4 of the Dungeon.
You were a hulking beast.
You visited 1 branch of the dungeon, and saw 3 of its levels.

You collected 60 gold pieces.

Inventory:

Hand Weapons
 a - a +0 mace (weapon)
Armour
 b - a +0 robe (worn)
 d - an orb of light (worn)
Talismans
 e - a beast talisman (active)
Scrolls
 h - a scroll of blinking {unknown}
 i - 2 scrolls of identify {unknown}
 j - a scroll of immolation {unknown}
 k - a scroll of summoning {unknown}
 m - a scroll of amnesia {unknown}
Potions
 c - a potion of ambrosia
 f - a potion of degeneration {unknown}
 g - 2 potions of magic {unknown}
 l - a potion of haste {unknown}


   Skills:
 - Level 4.0 Fighting
 - Level 3.6 Maces & Flails
 - Level 2.6 Dodging
 + Level 2.5 Shapeshifting


You had 3 spell levels left.
You didn't know any spells.
Your spell library contained the following spells:

 Spells                   Type           Power      Damage    Failure   Level
 Volatile Blastmotes      Fire/Tloc      0%         2d10      67%         3
 Fulminant Prism          Conj/Alch      0%         3d5       97%         4
 Iskenderun's Mystic Bla Conj/Tloc 0%             2d3        (+2d1     97%         4


Dungeon Overview and Level Annotations

Branches:
Dungeon (2/15)

Altars:


Innate Abilities, Weirdness & Mutations

You are a hulking beast.
Your limbs bulge with bestial killing power. (Slay +1)
You are too large for most types of armour.
You have a pair of small horns on your head.
You have tough skin. (AC +1)
You gain doubled healing and magic from potions.
Whenever you drink a healing potion, you attack all around you.


Message History

A hobgoblin is nearby!
A hobgoblin is nearby!
A hobgoblin is nearby!
The hobgoblin hits you.
You sock the hobgoblin!
You kill the hobgoblin!
No target in view!
Key pressed, stopping explore.
No target in view!
You now have 60 gold pieces (gained 9).
m - a scroll labelled DICZEB LISUFOA No target in view!
Found 5 poisoned darts.
No target in view!
You open the large door.
There is a large open door here.
You open the door.
There is an open door here.
You open the door.
There is an open door here.
A jelly comes into view.
The jelly quivers.
You sock the jelly! The acid corrodes you!
Your hands burn!
The jelly is heavily wounded.
The jelly hits you.
You are splashed with acid!
You hit the jelly but do no damage.
Your hands burn!
You headbutt the jelly.
The jelly is severely wounded.
The jelly hits you. The acid corrodes you!
You are splashed with acid!
You hit the jelly but do no damage.
Your hands burn!
You headbutt the jelly, but do no damage.
The jelly is severely wounded.
The jelly hits you.
You are splashed with acid.
* * * LOW HITPOINT WARNING * * *
You hit the jelly but do no damage.
Your hands burn!
* * * LOW HITPOINT WARNING * * *
The jelly is severely wounded.
The jelly hits you.
* * * LOW HITPOINT WARNING * * *
You are splashed with acid!
You die...

#....##.#'###
#....+.......
####....##......
#...............
#.########......
#.#.............
###.#.##...##.....
#......+...++.....
#h#.#.##...##.....
#J#.#.##...+......
#.#.#.##...#......
#.#.#.####.#......
#.#.#...........##
#.#.#.............
#...#.........#.##
### #######.#....
.............


You could see a jelly.

Vanquished Creatures
  A gnoll (D:1)
  An adder (D:4)
  A dart slug (D:4)
  A ball python (D:1)
  3 bats
  7 endoplasms (D:1)
  2 giant cockroaches
  4 goblins
  5 hobgoblins
  3 quokkas (D:1)
  A frilled lizard (D:1)
  3 kobolds (D:1)
  3 rats
35 creatures vanquished.

Notes
Turn   | Place    | Note
-------+----------+-------------------------------------------
     0 | D:1      | Maxmaps the Oni Monk began the quest for the Orb.
     0 | D:1      | Reached XP level 1. HP: 24/24 MP: 1/1
   107 | D:1      | Reached XP level 2. HP: 28/32 MP: 2/2
   268 | D:1      | Reached skill level 1 in Shapeshifting
   375 | D:1      | Reached XP level 3. HP: 22/39 MP: 3/3
   995 | D:2      | You fall into a shaft and drop 2 floors!
  1084 | D:4      | Reached XP level 4. HP: 44/48 MP: 4/4
  1186 | D:4      | HP: 2/48 [jelly (3)]
  1186 | D:4      | Splashed by a jelly's acid

Illustrated notes

Levels and vault maps discovered:
D:1:      tekkud_arrival_beachfront_property, layout_loops_cross,
          minmay_tetromino_o2
D:2:      layout_rooms, hellmonk_ecumenical_altar_inner_sanctum,
          grunt_decor_clamped, st_stairs_9, amcnicky_mini_rare_corridor_liquid,
          minivault_23, dk_noncrumbling_3
D:4:      kennysheep_big_flooded_room, layout_basic, amcnicky_altar_gilded

Skill      XL: |  1  2  3 |
---------------+----------+-----
Shapeshifting  | 1 2 |  2.5
Fighting       | |  4.0
Maces & Flails | |  3.6
Dodging        | |  2.6

Action                     |  1- 3 |  4- 6 || total
---------------------------+-------+-------++-------
  Melee: Mace              |    63 |     5 ||    68
         Headbutt          |    19 |     2 ||    21
 Armour: Robe              |    48 |     5 ||    53
  Dodge: Dodged            |    23 |       ||    23
   Form: Beast             |     1 |       ||     1

Table legend: (Time is in decaauts)
 A = Elapsed time spent in this place.
 B = Non-inter-level travel time spent in this place.
 C = Inter-level travel time spent in this place.
 D = Time resting spent in this place.
 E = Time spent auto-exploring this place.
 F = Levels seen in this place.
 G = Mean time per level.
                   A        B        C        D        E       F      G
               +--------+--------+--------+--------+--------+-----+--------+
         Total |   1201 |   1180 |     21 |      0 |    976 |   3 |  400.3 |
       Dungeon |   1201 |   1180 |     21 |      0 |    976 |   3 |  400.3 |
               +--------+--------+--------+--------+--------+-----+--------+

Top non-repeatable levels by time:
     D:1: 832 daAuts
     D:4: 194 daAuts
     D:2: 174 daAuts
